 Dungeon Crawl Stone Soup version 0.23-a0-586-gacb4b3f (webtiles) character file.

59 rageheart7 the Skirmisher (level 4, -3/39 HPs)
             Began as a Human Wanderer on Dec 18, 2018.
             Slain by an iguana (10 damage)
             ... on level 3 of the Dungeon.
             The game lasted 00:02:03 (1668 turns).

rageheart7 the Skirmisher (Human Wanderer)          Turns: 1668, Time: 00:02:04

Health: -3/39      AC: 14    Str: 13    XL:     4   Next: 22%
Magic:  4/4        EV: 10    Int: 11    God:
Gold:   69         SH:  0    Dex: 14    Spells: 3/3 levels left

rFire    . . .     SeeInvis .   g - +2 mace (protect)
rCold    . . .     Gourm    .   (no shield)
rNeg     . . .     Faith    .   b - +0 ring mail
rPois    .         Spirit   .   i - +0 helmet
rElec    .         Reflect  .   (no cloak)
rCorr    .         Harm     .   e - +0 pair of gloves
MR       .....                  (no boots)
Stlth    +.........             (no amulet)
HPRegen  0.13/turn              (no ring)
MPRegen  0.09/turn              (no ring)

@: protection aura
A: no striking features
a: no special abilities


You were on level 3 of the Dungeon.
You were hungry.

You visited 1 branch of the dungeon, and saw 3 of its levels.

You collected 69 gold pieces.

Inventory:

Hand Weapons
 g - a +2 mace of protection (weapon)
Armour
 b - a +0 ring mail (worn)
 e - a +0 pair of gloves (worn)
 i - a +0 helmet (worn)
Jewellery
 j - an uncursed ring of ice
Scrolls
 f - 2 scrolls of identify
Potions
 c - a potion of curing
 h - a potion of haste
 k - a potion of brilliance
 m - a potion of might
 n - a potion of heal wounds {unknown}
Miscellaneous
 a - a fan of gales
Comestibles
 d - 3 rations


   Skills:
 * Level 5.1 Fighting
   Level 1.0 Short Blades
 * Level 1.6 Maces & Flails
 - Level 2.0 Armour
 - Level 1.0 Dodging
 - Level 1.0 Stealth
 - Level 1.0 Evocations


You had 3 spell levels left.
You didn't know any spells.
Your spell library was empty.

Dungeon Overview and Level Annotations

Branches:
Dungeon (3/15)

Altars:


Message History

The goblin hits you but does no damage.
The iguana bites you but does no damage.
The goblin hits you but does no damage.
You hit the iguana but do no damage.
The iguana is heavily wounded.
The iguana bites you but does no damage.
The goblin closely misses you. The iguana bites you.
You hit the iguana but do no damage.
The iguana is heavily wounded.
The goblin hits you but does no damage. The iguana barely misses you.
You sock the iguana!
The iguana is almost dead.
The goblin hits you but does no damage. The iguana bites you.
* * * LOW HITPOINT WARNING * * *
The goblin closely misses you.
You hit the iguana but do no damage.
The iguana is almost dead.
The iguana barely misses you. The goblin barely misses you.
The iguana bites you!
You die...

###.........
...........
#####........#.
.............'.
.............#
.............#
......gl.....#
##...#.@.....##
.'...'.(.......
##...#..#.#.###
#.. ##.#...## #.
##..#.... #
##.........
#..........
#######..........
#............###.


You could see an iguana and a goblin.

Vanquished Creatures
  2 oozes (D:1)
  2 leopard geckos
  4 orcs (D:3)
  A ball python (D:2)
  4 bats
  3 giant cockroaches
  3 goblins (D:1)
  4 hobgoblins
  4 jackals (D:3)
  4 kobolds
  2 quokkas
  3 frilled lizards
  3 rats
39 creatures vanquished.

Notes
Turn   | Place    | Note
-------+----------+-------------------------------------------
     0 | D:1      | rageheart7 the Human Wanderer began the quest for the Orb.
     0 | D:1      | rageheart7 set off with the following items: a fan of
                  | gales, a +0 ring mail, a +0 short sword, a ration
     0 | D:1      | Reached XP level 1. HP: 19/19 MP: 1/1
   363 | D:1      | Reached XP level 2. HP: 26/26 MP: 2/2
   636 | D:1      | Reached XP level 3. HP: 31/31 MP: 3/3
  1363 | D:3      | Reached skill level 1 in Maces & Flails
  1368 | D:3      | Reached skill level 5 in Fighting
  1452 | D:3      | Reached XP level 4. HP: 33/39 MP: 4/4
  1668 | D:3      | Slain by an iguana

Vault maps used:
D:1:      dpeg_arrival_more_subterranean_lakeside_camping

Skill      XL: |  1  2  3 |
---------------+----------+-----
Maces & Flails | 1 |  1.6
Fighting       | 5 |  5.1
Short Blades   | |  1.0
Armour         | |  2.0
Dodging        | |  1.0
Stealth        | |  1.0
Evocations     | |  1.0

Action                   |  1- 3 |  4- 6 || total
-------------------------+-------+-------++-------
Melee: Mace              |    73 |    39 ||   112
       Short sword       |     2 |       ||     2
  Use: Scroll            |     8 |       ||     8
  Eat: Chunk             |     2 |       ||     2
Armor: Ring mail         |    32 |    29 ||    61
Dodge: Dodged            |    49 |    28 ||    77

Table legend:
 A = Non-vault XP
 B = Vault XP
 C = Vault XP percentage of total XP
 D = Non-vault monster count
 E = Vault monster count
 F = Vault count percentage of total count
                 A         B        C        D         E       F
            +---------+---------+-------+---------+---------+-------
      Total |      85 |       0 |   0.0 |      39 |       0 |   0.0
            +---------+---------+-------+---------+---------+-------
        D:1 |      34 |       0 |   0.0 |      13 |       0 |   0.0
        D:2 |      12 |       0 |   0.0 |       6 |       0 |   0.0
        D:3 |      39 |       0 |   0.0 |      20 |       0 |   0.0
            +---------+---------+-------+---------+---------+-------
